 Dungeon Crawl Stone Soup version 0.31-a0-221-gbddc013574 (webtiles) character file.

Game seed: 182249070535843099

1946 Majang the Ruffian (level 9, -1/47 HPs)
             Began as a Vine Stalker Fighter on July 3, 2023.
             Was a Follower of Cheibriados.
             Slain by an orc knight
             ... wielding a +0 broad axe
              (16 damage)
             ... in a bailey on July 4, 2023.
             The game lasted 00:32:32 (5464 turns).

Majang the Ruffian (Vine Stalker Fighter)           Turns: 5464, Time: 00:32:33

Health: -1/47      AC: 13    Str: 24    XL:     9   Next: 18%
Magic:  0/12       EV:  9    Int: 13    God:    Cheibriados [*.....]
Gold:   401        SH: 10    Dex: 17    Spells: 4/11 levels left

rFire   + .          .
                       - Unarmed
rCold   + + .        b - +0 buckler
rNeg    . . .        u - +3 chain mail {rC+}
rPois   .            t - +0 helmet
rElec   .            v - scarf {rC+ rF+}
rCorr   .            (no gloves)
SInv    .            (no boots)
Will    +....        q - amulet of reflection Stlth
                     (no ring)
HPRegen 1.07/turn    (no ring)
MPRegen 0.13/turn

%: reflection, guardian spirit
@: hasted, invisible, quick
A: fangs 3, regeneration 1, magic shield, antimagic bite, no potion heal 2
a: Renounce Religion, Bend Time


You were in a bailey.
You worshipped Cheibriados.
Cheibriados was aware of your devotion.
You visited 2 branches of the dungeon, and saw 8 of its levels.
You also visited: Bailey.

You collected 401 gold pieces.

Inventory:

Hand Weapons
 d - a +0 heavy sling
Missiles
 a - 12 boomerangs
 c - 2 datura-tipped darts
 g - a poisoned dart
Armour
 b - a +0 buckler (worn)
 e - +0 swamp dragon scales
 n - a scarf of invisibility
 t - a +0 helmet (worn)
 u - a +3 chain mail of cold resistance (worn)
 v - a scarf of resistance (worn)
Jewellery
 q - an amulet of reflection (around neck)
Wands
 s - a wand of polymorph (2)
Scrolls
 j - a scroll of fear
 o - a scroll of identify
Potions
 f - 3 potions of enlightenment
 h - 2 potions of attraction
 i - a potion of magic
 p - a potion of curing {unknown}


   Skills:
 + Level 5.1 Fighting
 + Level 3.7 Armour
 + Level 2.5 Dodging
 - Level 3.0 Stealth
 + Level 4.1 Shields
 * Level 7.1 Unarmed Combat
 + Level 1.9 Spellcasting
 + Level 2.0 Transmutations
 + Level 2.0 Earth Magic
 + Level 2.3 Invocations


You had 4 spell levels left.
You knew the following spells:

 Your Spells              Type           Power      Damage    Failure   Level
a - Beastly Appendage     Tmut           12%        N/A       58%         1
b - Wereblood             Tmut           6%         N/A       75%         2
p - Petrify               Tmut/Erth      6%         N/A       100%        4

Your spell library contained the following spells:

 Spells                   Type           Power      Damage    Failure   Level
 Magic Dart               Conj           4%         1d3       87%         1
 Call Imp                 Summ           2%         N/A       95%         2
 Sublimation of Blood     Necr           1%         N/A       95%         2
 Spider Form              Tmut/Pois      3%         N/A       98%         3
 Stone Arrow              Conj/Erth      6%         3d7       98%         3
 Mephitic Cloud           Conj/Pois/Air  1%         N/A       99%         3
 Animate Armour           Summ/Erth      6%         N/A       100%        4
 Irradiate                Conj/Tmut      1%         3d12      100%        5
 Lehudib's Crystal Spear  Conj/Erth      1%         10d2      100%        8


Dungeon Overview and Level Annotations

Branches:
Dungeon (7/15)             Temple (1/1) D:5          Bailey (1/1)

Altars:
Ashenzari
Cheibriados
Dithmenos
Elyvilon
Fedhas
Gozag
Hepliaklqana
Kikubaaqudgha
Makhleb
Nemelex Xobeh
Okawaru
Qazlal
Ru
Sif Muna
Trog
Uskayaw
Vehumet
Wu Jian
Xom
Yredelemnul
Zin
The Shining One

Shops:
D:1 =


Innate Abilities, Weirdness & Mutations

You have razor-sharp teeth.
Your natural rate of healing is unusually fast.
When hurt, damage is shared between your health and your magic reserves.
Your bite disrupts and absorbs the magic of your enemies.
Potions cannot restore your health.


Message History

The orc knight barely misses you.
You barely miss the orc knight.
You bite the orc knight, but do no damage.
The orc knight is lightly wounded.
You hit the orc knight.
You bite the orc knight, but do no damage.
The orc knight is moderately wounded.
You block the orc knight's attack.
You punch the orc knight! Your bite misses the orc knight.
The orc knight is moderately wounded.
The orc knight hits you with a +0 broad axe!
You barely miss the orc knight.
The orc knight is moderately wounded.
You block the orc knight's attack.
You hit the orc knight but do no damage.
The orc knight is moderately wounded.
The orc knight hits you with a +0 broad axe.
You barely miss the orc knight. You bite the orc knight! You drain its power.
You feel invigorated.
The orc knight is heavily wounded.
The orc knight hits you with a +0 broad axe.
You closely miss the orc knight.
The orc knight is heavily wounded.
You block the orc knight's attack.
You closely miss the orc knight.
The orc knight is heavily wounded.
You block the orc knight's attack.
You closely miss the orc knight.
You bite the orc knight, but do no damage.
The orc knight is heavily wounded.
The orc knight hits you with a +0 broad axe!
You closely miss the orc knight.
The orc knight is heavily wounded.
The orc knight hits you with a +0 broad axe!
* * * LOW HITPOINT WARNING * * *
Okay, then.
It was a potion of haste.
You feel yourself speed up.
Cheibriados forgives your accidental hurry, just this once.
The orc knight hits you with a +0 broad axe!!
You die...

≈≈≈≈≈~. #.... ≈≈≈≈≈~∩
#..⌠. #.... #....
#####' ≈ #..... ≈~
#.....
#.##############...##
#...@#.....))8.8.8.#
#...o'....)#.......#
#+#..###############
#..+ ####


You could see an orc knight (unable to see you).

Vanquished Creatures
  Maggie (D:6)
  A water moccasin (D:6)
  2 orc warriors (Bailey)
  An ogre (D:5)
  A black bear (D:5)
  A centaur (D:6)
  Blork the orc (D:5)
  A bullfrog (D:5)
  A scorpion (D:5)
  4 wights (D:6)
  A howler monkey (D:5)
  A jelly (D:5)
  4 hounds
  A sleepcap (D:6)
  2 iguanas
  Ijyb (D:3)
  2 orc wizards
  Robin (D:3)
  13 gnolls
  12 adders
  2 white imps (D:5)
  An ufetubus (D:5)
  2 worms (D:2)
  3 dart slugs
  14 orcs
  6 ball pythons
  9 endoplasms
  3 giant cockroaches
  17 goblins
  12 hobgoblins
  4 jackals (D:1)
  7 kobolds
  A quokka (D:3)
  3 bats
  2 frilled lizards (D:1)
  6 rats
144 creatures vanquished.

Notes
Turn   | Place    | Note
-------+----------+-------------------------------------------
     0 | D:1      | Majang the Vine Stalker Fighter began the quest for the
                  | Orb.
     0 | D:1      | Reached XP level 1. HP: 11/11 MP: 2/2
    98 | D:1      | Found Haicaral's Jewellery Boutique.
   107 | D:1      | Reached XP level 2. HP: 16/16 MP: 3/3
   306 | D:1      | Reached skill level 3 in Unarmed Combat
   432 | D:1      | Reached XP level 3. HP: 9/20 MP: 2/4
  1192 | D:2      | Gained mutation: Your natural rate of healing is unusually
                  | fast. [Vine Stalker growth]
  1192 | D:2      | Reached XP level 4. HP: 24/24 MP: 5/5
  1622 | D:3      | Reached skill level 4 in Unarmed Combat
  1671 | D:3      | Reached XP level 5. HP: 29/29 MP: 4/6
  1884 | D:3      | Noticed Robin
  1911 | D:3      | Killed Robin
  2013 | D:3      | Noticed Ijyb
  2050 | D:3      | Killed Ijyb
  2051 | D:3      | Reached skill level 5 in Unarmed Combat
  2055 | D:3      | Reached XP level 6. HP: 22/33 MP: 4/7
  2084 | D:3      | Learned a level 4 spell: Petrify
  2917 | D:5      | Entered Level 5 of the Dungeon
  2986 | D:5      | Reached skill level 1 in Stealth
  2988 | D:5      | Noticed Blork the orc
  2995 | D:5      | Killed Blork the orc
  3077 | D:5      | Reached XP level 7. HP: 37/37 MP: 8/8
  3080 | D:5      | Reached skill level 1 in Dodging
  3207 | D:5      | Reached skill level 6 in Unarmed Combat
  3272 | D:5      | Gained mutation: You have razor-sharp teeth. [Vine Stalker
                  | growth]
  3272 | D:5      | Reached XP level 8. HP: 42/42 MP: 6/9
  3349 | D:5      | Found a staircase to the Ecumenical Temple.
  3358 | Temple   | Entered the Ecumenical Temple
  3485 | Temple   | Became a worshipper of Cheibriados the Contemplative
  4001 | D:6      | Learned a level 1 spell: Beastly Appendage
  4004 | D:6      | Learned a level 2 spell: Wereblood
  4269 | D:6      | Noticed Maggie
  4294 | D:6      | Killed Maggie
  4295 | D:6      | Reached skill level 1 in Invocations
  4558 | D:6      | Reached skill level 1 in Transmutations
  4567 | D:6      | Reached skill level 1 in Spellcasting
  4567 | D:6      | Reached skill level 1 in Earth Magic
  4652 | D:6      | Reached skill level 5 in Fighting
  4799 | D:6      | Reached XP level 9. HP: 16/47 MP: 9/12
  4953 | D:6      | Found a sparkling altar of Nemelex Xobeh.
  4953 | D:6      | Found a stormy altar of Qazlal.
  5037 | D:6      | Upgraded the game from 0.31-a0-217-g58bb5d79cf to
                  | 0.31-a0-221-gbddc013574
  5092 | D:7      | Reached * piety under Cheibriados
  5095 | D:7      | Found a flagged portal.
  5101 | Bailey   | Entered a bailey
  5265 | Bailey   | Reached skill level 7 in Unarmed Combat
  5441 | Bailey   | Noticed an orc knight
  5464 | Bailey   | Slain by an orc knight

Illustrated notes

Levels and vault maps discovered:
D:1:      matt_arrival_spirals, layout_basic, serial_shops, shop
D:2:      layout_basic
D:3:      layout_loops_ring, uniq_ijyb, uniq_robin
D:4:      layout_rooms
D:5:      layout_basic, temple_statues, uniq_blork_the_orc
D:6:      layout_layer_cave, gammafunk_temple_overflow_pools, uniq_maggie
D:7:      layout_loops_corners, enter_bailey_3, uniq_joseph
Temple:   mainiacjoe_temple_big_plus
Bailey:   bailey_axe_of_yendor_kennysheep, bailey

Skill      XL: |  1  2  3  4  5  6  7  8  9 |
---------------+----------------------------+-----
Fighting       | 3 4 5 |  5.1
Unarmed Combat | 3 4 5 6 7 |  7.1
Stealth        | 1 2 3 |  3.0
Shields        | 3 4 |  4.1
Dodging        | 1 2 |  2.5
Armour         | 3 |  3.7
Invocations    | 2 |  2.3
Transmutations | 1 2 |  2.0
Spellcasting   | 1 |  1.9
Earth Magic    | 1 2 |  2.0

Action                     |  1- 3 |  4- 6 |  7- 9 || total
---------------------------+-------+-------+-------++-------
  Melee: Unarmed           |    93 |   181 |   263 ||   537
         Bite              |    25 |    57 |    81 ||   163
  Throw: Dart              |       |       |     2 ||     2
  Evoke: Wand              |       |       |     9 ||     9
    Use: Scroll            |       |    11 |     3 ||    14
         Potion            |       |     1 |     2 ||     3
   Stab: Invisible         |       |       |     2 ||     2
 Armour: Scale mail        |    25 |       |       ||    25
         Chain mail        |    13 |    64 |    53 ||   130
         Skin              |       |     3 |       ||     3
         Swamp dragon scal |       |       |    21 ||    21
  Dodge: Dodged            |    31 |    38 |    75 ||   144
  Block: Buckler           |    11 |    38 |   118 ||   167
         Reflection        |       |       |     4 ||     4

Table legend: (Time is in decaauts)
 A = Elapsed time spent in this place.
 B = Non-inter-level travel time spent in this place.
 C = Inter-level travel time spent in this place.
 D = Time resting spent in this place.
 E = Time spent auto-exploring this place.
 F = Levels seen in this place.
 G = Mean time per level.
                   A        B        C        D        E       F      G
               +--------+--------+--------+--------+--------+-----+--------+
         Total |   5904 |   5502 |    402 |    401 |    956 |   9 |  656.0 |
       Dungeon |   5178 |   4802 |    376 |    320 |    956 |   7 |  739.7 |
        Temple |    314 |    288 |     26 |      0 |      0 |   1 |  314.0 |
        Bailey |    412 |    412 |      0 |     81 |      0 |   1 |  412.0 |
               +--------+--------+--------+--------+--------+-----+--------+

Top non-repeatable levels by time:
     D:6: 1355 daAuts
     D:1: 941 daAuts
     D:3: 897 daAuts
     D:5: 877 daAuts
     D:2: 637 daAuts
     D:4: 443 daAuts
  Bailey: 412 daAuts
  Temple: 314 daAuts
     D:7: 25 daAuts
